 Dungeon Crawl Stone Soup version 0.29-a0-371-g91724d5b39 (webtiles) character file.

Game seed: 10471908814950578601

81 Bruhh the Ogre Mage (level 4, 0/39 HPs)
             Began as an Ogre Earth Elementalist on May 3, 2022.
             Slain by a worm (7 damage)
             ... on level 1 of the Dungeon.
             The game lasted 00:06:34 (1680 turns).

Bruhh the Ogre Mage (Ogre Earth Elementalist)       Turns: 1680, Time: 00:06:35

Health: 0/39       AC:  3    Str: 12    XL:     4   Next: 40%
Magic:  10/10      EV:  9    Int: 18    God:
Gold:   93         SH:  0    Dex:  9    Spells: 10/11 levels left

rFire   . . .      SeeInvis .   a - +0 dagger
rCold   . . .      Faith    .   (no shield)
rNeg    . . .      Spirit   .   b - +0 robe
rPois   .          Reflect  .   (helmet restricted)
rElec   .          Harm     .   (no cloak)
rCorr   .          Rampage  .   (gloves unavailable)
Will    .....                   (boots unavailable)
Stlth   +.........              (no amulet)
HPRegen 0.13/turn               (no ring)
MPRegen 0.12/turn               (no ring)

@: no status effects
A: large, unfitting armour, tough skin 1
a: no special abilities


You were on level 1 of the Dungeon.
You visited 1 branch of the dungeon, and saw 2 of its levels.

You collected 93 gold pieces.

Inventory:

Hand Weapons
 a - a +0 dagger (weapon)
Armour
 b - a +0 robe (worn)
 d - the +0 helmet of Eternal Vigilance {Rampage}
   (You found it on level 2 of the Dungeon)

   Rampage:   It bestows one free step when moving towards enemies.
Jewellery
 h - an amulet of faith
Scrolls
 j - a scroll of identify
Potions
 c - a potion of flight {unknown}


   Skills:
 - Level 1.7 Dodging
 - Level 1.4 Stealth
 + Level 4.0 Spellcasting
 - Level 0.8 Transmutations
 + Level 3.7 Earth Magic


You had 10 spell levels left.
You knew the following spells:

 Your Spells              Type           Power      Damage    Failure   Level
a - Sandblast             Erth           34%        2d9       3%          1

Your spell library contained the following spells:

 Spells                   Type           Power      Damage    Failure   Level
 Passwall                 Tmut/Erth      9%         N/A       9%          2
 Stone Arrow              Conj/Erth      20%        3d8       21%         3
 Petrify                  Tmut/Erth      11%        N/A       50%         4


Dungeon Overview and Level Annotations

Branches:
Dungeon (2/15)

Altars:


Innate Abilities, Weirdness & Mutations

You are too large for most types of armour.
You have tough skin. (AC +1)


Message History

You hit the worm but do no damage.
The worm is moderately wounded.
The frilled lizard closely misses you.
You hit the worm but do no damage.
The worm is moderately wounded.
The frilled lizard closely misses you. The worm bites you.
You hit the worm but do no damage.
The worm is lightly wounded.
The frilled lizard bites you but does no damage.
The worm bites you!
You are too injured to fight recklessly!
You are too injured to fight recklessly!
You are too injured to fight recklessly!
You are too injured to fight recklessly!
You are too injured to fight recklessly!
The frilled lizard attacks as you move away!
The frilled lizard misses you.
The frilled lizard attacks as you move away!
The frilled lizard bites you.
* * * LOW HITPOINT WARNING * * *
You closely miss the frilled lizard. The frilled lizard barely misses you.
You closely miss the frilled lizard. The frilled lizard misses you.
You hit the frilled lizard.
You kill the frilled lizard!
The worm barely misses you.
You see here a frilled lizard corpse.
You completely miss the worm. You hit the worm.
The worm is lightly wounded.
The worm completely misses you.
You barely miss the worm.
The worm is lightly wounded.
The worm bites you.
* * * LOW HITPOINT WARNING * * *
You hit the worm.
The worm is lightly wounded.
You hit the worm. You punch the worm.
The worm is moderately wounded.
The worm bites you!
You die...

#...[.......########
#..##...###.#.......
#..###.## #......###
#......# ###.##.#
#####..####### #.##.#
#............####.##.###
#.###..###.....##.#.....
#.# #..###.....##.#..###
#.# #..@w>..............
#.# ##.###.....#..##.##.
#.# ##.###..#.....#.....
#.# #......###...##.....
#.# #.#####.#....##.....
#.# #.# ##.#...##.....
#.# #.# #.#...##.....
#.###.######.#...##.....
#............#..........


You could see a worm.

Vanquished Creatures
  Natasha (D:2)
  A worm (D:2)
  3 dart slugs
  8 endoplasms
  2 giant cockroaches
  2 goblins
  5 hobgoblins
  4 jackals (D:1)
  3 kobolds
  4 ball pythons
  4 bats
  3 frilled lizards (D:1)
  2 rats (D:2)
42 creatures vanquished.

Notes
Turn   | Place    | Note
-------+----------+-------------------------------------------
     0 | D:1      | Bruhh the Ogre Earth Elementalist began the quest for the
                  | Orb.
     0 | D:1      | Reached XP level 1. HP: 16/16 MP: 3/3
   204 | D:1      | Reached XP level 2. HP: 20/24 MP: 1/5
   340 | D:1      | Reached skill level 3 in Spellcasting
   701 | D:1      | Reached XP level 3. HP: 31/31 MP: 4/7
   751 | D:1      | Found a faded altar of an unknown god.
  1358 | D:2      | Noticed Natasha
  1436 | D:2      | Killed Natasha
  1437 | D:2      | Reached XP level 4. HP: 39/39 MP: 4/9
  1598 | D:2      | Identified the +0 helmet of Eternal Vigilance {Rampage}
  1628 | D:1      | Reached skill level 4 in Spellcasting
  1680 | D:1      | Slain by a worm

Illustrated notes

Levels and vault maps discovered:
D:1:      lightli_arrival_farm, layout_loops_ring, basic_ecumenical_altar
D:2:      layout_rooms, uniq_natasha

Skill      XL: |  1  2  3  4 |
---------------+-------------+-----
Earth Magic    | 3 |  3.7
Spellcasting   | 3 4 |  4.0
Dodging        | |  1.7
Stealth        | |  1.4
Transmutations | |  0.8

Action                   |  1- 3 |  4- 6 || total
-------------------------+-------+-------++-------
Melee: Unarmed           |     9 |     2 ||    11
       Dagger            |       |    17 ||    17
       Punch             |       |     1 ||     1
 Cast: Sandblast         |    48 |    12 ||    60
  Use: Scroll            |     4 |       ||     4
       Potion            |     5 |       ||     5
Armor: Robe              |    12 |     4 ||    16
       Skin              |    12 |       ||    12
Dodge: Dodged            |    20 |    19 ||    39

Table legend: (Time is in decaauts)
 A = Elapsed time spent in this place.
 B = Non-inter-level travel time spent in this place.
 C = Inter-level travel time spent in this place.
 D = Time resting spent in this place.
 E = Time spent auto-exploring this place.
 F = Levels seen in this place.
 G = Mean time per level.
                   A        B        C        D        E       F      G
               +--------+--------+--------+--------+--------+-----+--------+
         Total |   1699 |   1615 |     84 |      8 |   1282 |   2 |  849.5 |
       Dungeon |   1699 |   1615 |     84 |      8 |   1282 |   2 |  849.5 |
               +--------+--------+--------+--------+--------+-----+--------+

Top non-repeatable levels by time:
     D:1: 1263 daAuts
     D:2: 435 daAuts
